 Dungeon Crawl Stone Soup version 0.32-a0-876-gcfddb08e57 (webtiles) character file.

Game seed: 9912854043885789295

3447 Autsider the Nimble (level 10, -13/68 (72) HPs)
             Began as an Octopode Warper on Mar 31, 2024.
             Was an Initiate of Yredelemnul.
             Killed from afar by a gargoyle (27 damage)
             ... with a stone arrow
             ... on level 8 of the Dungeon.
             The game lasted 00:27:35 (7839 turns).

Autsider the Nimble (Octopode Warper)               Turns: 7839, Time: 00:27:35

HP:   -13/68 (72)   AC:  1    Str: 11    XL:     10   Next: 6%
MP:   13/13         EV: 15    Int: 19    God:    Yredelemnul [......]
Gold: 512           SH:  0    Dex: 12    Spells: 9/13 levels left

rFire   . .          .
                       - Unarmed
rCold   . . .        (no shield)
rNeg    . . .        (helmet restricted)
rPois   .            (no amulet)
rElec   .            (no ring)
rCorr   .            (no ring)
SInv    .            (no ring)
Will    .....        (no ring)
Stlth   +++          (no ring)
HPRegen 0.31/turn    (no ring)
MPRegen 0.13/turn    (no ring)
                     (no ring)

%: no passive effects
@: wreathed by umbra, drained
A: almost no armour, amphibious, 8 rings, camouflage 1, gelatinous body 1,
(nimble swimmer 1), tentacles
a: Renounce Religion, Light the Black Torch, Recall Undead Harvest


You were on level 8 of the Dungeon.
You worshipped Yredelemnul.
Yredelemnul was noncommittal.
You visited 2 branches of the dungeon, and saw 10 of its levels.

You collected 512 gold pieces.

Inventory:

Hand Weapons
 y - a +3 quarterstaff of chaos
 z - a +2 scythe of pain
 E - a +4 dagger
Missiles
 b - 6 darts of dispersal (quivered)
 i - 61 stones
 k - 12 poisoned darts
 B - 3 atropa-tipped darts
Talismans
 D - a maw talisman
Wands
 n - a wand of warping (16)
 C - a wand of flame (17)
Scrolls
 a - 4 scrolls of blinking
 c - 2 scrolls of fog {unknown}
 d - a scroll of brand weapon {unknown}
 e - 8 scrolls of identify {unknown}
 g - 3 scrolls of revelation {unknown}
 j - 2 scrolls of enchant weapon {unknown}
 o - 2 scrolls of teleportation {unknown}
 p - 3 scrolls of noise {unknown}
 q - 3 scrolls of vulnerability {unknown}
 s - a scroll of torment {unknown}
 w - a scroll of enchant armour {unknown}
 A - a scroll of poison {unknown}
Potions
 f - 2 potions of ambrosia {unknown}
 h - 3 potions of attraction {unknown}
 l - 4 potions of curing {unknown}
 m - 2 potions of resistance {unknown}
 r - a potion of invisibility {unknown}
 t - a potion of brilliance {unknown}
 u - a potion of cancellation {unknown}
 v - a potion of degeneration {unknown}
 x - a potion of heal wounds {unknown}


   Skills:
 + Level 7.9 Fighting
 - Level 1.0 Throwing
 - Level 8.0 Dodging
 + Level 3.5 Stealth
 + Level 7.9 Unarmed Combat
 - Level 2.0 Spellcasting
 - Level 4.0 Translocations
 + Level 2.1 Shapeshifting


You had 9 spell levels left.
You knew the following spells:

 Your Spells              Type           Power      Damage    Failure   Level
a - Lesser Beckoning      Tloc           34%        N/A       4%          2
z - Blink                 Tloc           34%        N/A       4%          2

Your spell library contained the following spells:

 Spells                   Type           Power      Damage    Failure   Level
 Apportation              Tloc           34%        N/A       3%          1
 Teleport Other           Tloc           17%        N/A       10%         3
 Necrotise                Necr           4%         1d4       17%         1
 Sting                    Conj/Alch      4%         1d3       17%         1
 Summon Small Mammal      Summ           4%         N/A       17%         1
 Maxwell's Portable Pile  Tloc           17%        2d(8-15)  32%         4
 Sigil of Binding         Hex            1%         N/A       45%         3
 Vhi's Electric Charge    Tloc/Air       18%        N/A       58%         4
 Dispersal                Tloc           8%         N/A       99%         6
 Gell's Gavotte           Tloc           8%         2d(15-22) 99%         6
 Sculpt Simulacrum        Ice/Alch       0%         N/A       100%        6
 Death Channel            Necr           Unusable   N/A       N/A         6

Dungeon Overview and Level Annotations

Branches:
Dungeon (9/15)             Temple (1/1) D:7
   Lair: D:8-11         Orc: D:9-12

Altars:
Cheibriados
Dithmenos
Elyvilon
Gozag
Hepliaklqana
Makhleb
Nemelex Xobeh
Okawaru
Ru
Trog
Uskayaw
Vehumet
Xom
Yredelemnul
Zin
The Shining One

Shops:
D:4 ?


Innate Abilities, Weirdness & Mutations

You cannot wear most types of armour.
You are amphibious.
You can wear up to eight rings at the same time.
Your skin changes colour to match your surroundings (Stealth+).
Your rubbery body absorbs attacks. (AC +1, EV +1)
((You are camouflaged when in or above water. (Stealth+)))
You have tentacles for arms and can constrict up to eight enemies at once.


Message History

The stone arrow misses you.
You tentacle-slap the gargoyle.
You tentacle-slap the gargoyle, but do no damage.
The gargoyle is moderately damaged.
You constrict the gargoyle.
Your killer bee zombie hits the gargoyle but does no damage.
The laughing skull barely misses your killer bee zombie.
Your killer bee zombie hits the gargoyle.
The gargoyle hurls a stone arrow at your killer bee zombie.
The stone arrow hits your killer bee zombie!!
Your killer bee zombie is destroyed!
You tentacle-slap the gargoyle but do no damage.
You squeeze the gargoyle, but do no damage.
The gargoyle is severely damaged.
You constrict the gargoyle.
The laughing skull cackles spitefully.
The bolt of negative energy hits you!!
You feel drained.
The gargoyle hurls a stone arrow at you.
The stone arrow hits you!
* * * LOW HITPOINT WARNING * * *
You tentacle-slap the gargoyle but do no damage.
The gargoyle is severely damaged.
You constrict the gargoyle.
The laughing skull gibbers with scorn.
The bolt of negative energy misses you.
You tentacle-slap the gargoyle.
The gargoyle is almost destroyed.
You constrict the gargoyle, but do no damage.
The gargoyle hurls a stone arrow at you.
The stone arrow hits you!
* * * LOW HITPOINT WARNING * * *
The laughing skull closely misses you.
You tentacle-slap the gargoyle but do no damage.
The gargoyle is almost destroyed.
You constrict the gargoyle, but do no damage.
The laughing skull misses you.
The gargoyle hurls a stone arrow at you.
The stone arrow hits you!!
You die...
Your body rises from the dead as a mindless zombie.

#.......#.#..###....
###..#..............
#..#.......###.#..
##..####.#.........
#...####.#....##...
#..................
###..#...............
#....#.###.#.....#...
###.@#.###.#..##.#.#.
#.z9..........<....
........##......#.#.
###..#...............
#......##.#.##.#.#.
.......##.#.##.#.#.
#............... .
............##.....
.............


You could see a gargoyle and a laughing skull.

Vanquished Creatures
  Maurice (D:7)
  Grinder (D:3)
  Sigmund (D:3)
  A wraith (D:7)
  2 water moccasins
  2 black bears
  3 ogres (D:5)
  A phantom (D:6)
  3 bullfrogs
  2 scorpions
  6 killer bees (D:8)
  4 howler monkeys
  A bombardier beetle (D:3)
  2 orc priests
  3 hounds
  Crazy Yiuf (D:5)
  Ijyb (D:3)
  4 iguanas
  3 gnolls (D:6)
  A howler monkey zombie (D:4)
  6 adders
  A shadow imp (D:5)
  2 white imps (D:5)
  2 ufetubi (D:5)
  An adder zombie (D:4)
  5 dart slugs
  A ribbon worm (D:2)
  12 orcs
  7 ball pythons
  8 endoplasms
  3 giant cockroaches
  8 goblins
  9 hobgoblins
  7 jackals
  5 kobolds
  6 quokkas
  7 bats
  4 frilled lizards
  7 rats
144 creatures vanquished.

Vanquished Creatures (collateral kills)
  A water moccasin (D:6)
  A sky beast (D:7)
  An ice beast (D:7)
  An ogre (D:7)
  A scorpion (D:6)
  A killer bee (D:8)
  A jelly (D:6)
  A hound (D:5)
  An orc wizard (D:7)
  A gnoll (D:6)
  5 orcs
  A butterfly (D:7)
16 creatures vanquished.

Vanquished Creatures (others)
  2 bullfrog zombies (D:6)
  3 killer bee zombies (D:8)
  An ogre zombie (D:5)
  2 howler monkey zombies (D:8)
  An iguana zombie (D:6)
  2 spectral white imps (D:5)
  A gnoll zombie (D:6)
  An orc zombie (D:6)
13 creatures vanquished.

Grand Total: 173 creatures vanquished

Notes
Turn   | Place    | Note
-------+----------+-------------------------------------------
     0 | D:1      | Autsider the Octopode Warper began the quest for the Orb.
     0 | D:1      | Reached XP level 1. HP: 14/14 MP: 3/3
    59 | D:1      | Found a faded altar of an unknown god.
    81 | D:1      | Reached XP level 2. HP: 18/19 MP: 5/5
   455 | D:1      | Reached XP level 3. HP: 24/25 MP: 6/6
   851 | D:1      | Reached skill level 3 in Dodging
   855 | D:1      | Reached XP level 4. HP: 11/30 MP: 7/7
  1031 | D:2      | Learned a level 2 spell: Blink
  1427 | D:3      | Found an iron altar of Okawaru.
  1475 | D:3      | Reached XP level 5. HP: 35/36 MP: 8/8
  1515 | D:3      | Noticed Ijyb
  1537 | D:3      | Noticed Sigmund
  2077 | D:3      | Killed Ijyb
  2219 | D:3      | Noticed Grinder
  2520 | D:4      | Reached XP level 6. HP: 38/42 MP: 9/9
  2769 | D:4      | Reached skill level 4 in Dodging
  2778 | D:4      | Found a white marble altar of Elyvilon.
  2782 | D:4      | Found a shadowy altar of Dithmenos.
  2829 | D:4      | Found Uso Soud's Magic Scroll Boutique.
  2934 | D:4      | Found a basalt altar of Yredelemnul.
  2946 | D:4      | Became a worshipper of Yredelemnul the Fallen
  3015 | D:4      | Found a radiant altar of Vehumet.
  3257 | D:4      | Found a shimmering altar of Xom.
  3258 | D:4      | Found a hazy altar of Hepliaklqana.
  3258 | D:4      | Noticed a tentacled monstrosity
  3259 | D:4      | Noticed a spectral ugly thing
  3259 | D:4      | Noticed a tentacled monstrosity
  3423 | D:5      | Entered Level 5 of the Dungeon
  3430 | D:5      | Reached XP level 7. HP: 15/48 MP: 10/10
  3867 | D:5      | Reached skill level 5 in Dodging
  4190 | D:5      | Found a runed translucent door.
  4191 | D:5      | Noticed Crazy Yiuf
  4248 | D:5      | Killed Crazy Yiuf
  4419 | D:3      | Paralysed by Grinder for 2 turns
  4426 | D:3      | Killed Grinder
  4427 | D:3      | Reached skill level 5 in Fighting
  4427 | D:3      | Reached skill level 5 in Unarmed Combat
  4427 | D:3      | Reached XP level 8. HP: 31/55 MP: 11/11
  4752 | D:3      | Killed Sigmund
  4844 | D:6      | Reached skill level 6 in Dodging
  5184 | D:6      | Found the +3 Mad Mage's Maulers {Infuse+∞ VampMP -Cast}
  5205 | D:6      | Found a burning altar of Makhleb.
  5260 | D:6      | Reached XP level 9. HP: 52/63 MP: 12/12
  5827 | D:7      | Reached skill level 7 in Dodging
  6035 | D:7      | Found a staircase to the Ecumenical Temple.
  6053 | Temple   | Entered the Ecumenical Temple
  6057 | Temple   | Learned a level 2 spell: Lesser Beckoning
  6071 | D:7      | Noticed Maurice
  6121 | D:7      | Maurice stole a maw talisman
  6122 | D:7      | Killed Maurice
  6583 | D:7      | Reached skill level 1 in Stealth
  6657 | D:7      | Reached skill level 1 in Shapeshifting
  7472 | D:8      | Reached XP level 10. HP: 65/72 MP: 13/13
  7683 | D:8      | Reached skill level 8 in Dodging
  7824 | D:8      | Noticed a gargoyle
  7839 | D:8      | Killed from afar by a gargoyle

Illustrated notes

Levels and vault maps discovered:
D:1:      wander_arrival_lonely_grave, layout_loops_cross,
          basic_ecumenical_altar
D:2:      layout_rooms
D:3:      layout_basic, okawaru_trees_1, uniq_ijyb, uniq_sigmund, uniq_grinder
D:4:      layout_loops_corners, regret_index_temple_of_mockery,
          nicolae_overflow_hidden_temple, lemuel_zombie_altar_yredelemnul,
          serial_shops, nicolae_shop_just_a_little_nook, minivault_25,
          minmay_misc_feat_iff
D:5:      layout_loops_ring, nicolae_concentric_dashed_squares_mild,
          uniq_crazy_yiuf_cottage
D:6:      layout_loops_corners, nicolae_overflow_crystal_walls
D:7:      layout_gridville, minmay_temple_entry_butterflies, uniq_maurice
D:8:      layout_basic, lair_entry_dummy, minmay_microvault
D:9:      layout_rooms, nicolae_ashenzari_skybound,
          grunt_temple_overflow_diamond, serial_shops, shop
Temple:   nicolae_temple_two_arcs

Skill      XL: |  1  2  3  4  5  6  7  8  9 10 |
---------------+-------------------------------+-----
Dodging        | 3 4 5 6 7 8 |  8.0
Fighting       | 3 4 5 6 7 |  7.9
Unarmed Combat | 3 4 5 6 7 |  7.9
Translocations | 4 |  4.0
Stealth        | 3 |  3.5
Shapeshifting  | 1 2 |  2.1
Throwing       | |  1.0
Spellcasting   | |  2.0

Action                     |  1- 3 |  4- 6 |  7- 9 | 10-12 || total
---------------------------+-------+-------+-------+-------++-------
  Melee: Unarmed           |    65 |   152 |   156 |    24 ||   397
         Constrict         |    20 |    40 |    36 |     3 ||    99
         Tentacles         |     7 |    39 |    39 |     5 ||    90
         Punch             |     1 |     5 |     4 |     2 ||    12
  Throw: Dart              |       |       |     2 |       ||     2
   Cast: Blink             |       |     1 |       |       ||     1
 Invoke: Light the Black T |       |       |     2 |       ||     2
  Evoke: Wand              |       |       |     4 |       ||     4
   Stab: Sleeping          |     4 |     8 |     6 |       ||    18
         Distracted        |       |     1 |       |       ||     1
 Armour: Skin              |    49 |    68 |    71 |    13 ||   201
  Dodge: Dodged            |    57 |    66 |   124 |    28 ||   275

Table legend: (Time is in decaauts)
 A = Elapsed time spent in this place.
 B = Non-inter-level travel time spent in this place.
 C = Inter-level travel time spent in this place.
 D = Time resting spent in this place.
 E = Time spent auto-exploring this place.
 F = Levels seen in this place.
 G = Mean time per level.
                   A        B        C        D        E       F      G
               +--------+--------+--------+--------+--------+-----+--------+
         Total |   7820 |   7273 |    547 |   1855 |   3971 |  10 |  782.0 |
       Dungeon |   7815 |   7269 |    546 |   1855 |   3971 |   9 |  868.3 |
        Temple |      4 |      3 |      1 |      0 |      0 |   1 |    4.0 |
               +--------+--------+--------+--------+--------+-----+--------+

Top non-repeatable levels by time:
     D:7: 1540 daAuts
     D:4: 1193 daAuts
     D:3: 1158 daAuts
     D:6: 981 daAuts
     D:1: 972 daAuts
     D:5: 911 daAuts
     D:2: 571 daAuts
     D:8: 301 daAuts
     D:9: 184 daAuts
  Temple: 4 daAuts
